AoeStats
← IsraDguez

Hideout

509368113Analyzed
1v1 RM · 7d ago on Sep 26, 2026· 35m 3s· 2 players
Game mode
Random Map
Map size
Tiny (2 player)
Population
200
Speed
Normal
Resources
Standard
Victory
Conquest
Starting age
Dark Age
Ending age
Imperial Age
RankedLock teamsTeams togetherTeam positionsShared explorationLock speedFull tech treeHidden civsTurbo modeCheats
Victory
Defeat
🇲🇽 Maya · Mexico
800
+15
🇺🇸 Cumans · United States
787
-15
Monster_Duck
5:51 Loom
9:21 Feudal Age
11:51 Double-Bit Axe
14:38 Horse Collar
17:56 Man-at-Arms
25:38 Castle Age
25:20 Fletching
26:05 Padded Archer Armor
26:22 Heavy Plow
26:34 Bow Saw
28:25 Bodkin Arrow
32:21 Leather Archer Armor
31:59 Elite Skirmisher
34:31 Forging
IsraDguez
0:33 Loom
11:31 Feudal Age
15:40 Castle Age
14:40 Scale Mail Armor
16:43 Fletching
22:08 Crossbowman
23:08 Double-Bit Axe
24:26 Bodkin Arrow
25:00 Forging
25:56 Bow Saw
26:12 Chain Mail Armor
27:02 Thumb Ring
27:08 Squires
29:46 Wheelbarrow
29:10 Eagle Warrior
32:33 Iron Casting
32:13 Gold Mining
32:14 Stone Mining
32:15 Arson
33:00 Hand Cart
Connection lost

Rejoining the realm…

Still unreachable

The connection could not be restored.

Session expired

The server has moved on; the page needs a fresh start.